 Dungeon Crawl Stone Soup version 0.18-a0-670-g393520a (webtiles) character file.

141309 Arkorax the Fighter (level 16, -4/134 HPs)
             Began as a Demonspawn Monk on Dec 5, 2015.
             Was the Champion of Makhleb.
             Slain by the 27-headed Lernaean hydra (7 damage)
             ... on level 4 of the Swamp on Dec 6, 2015.
             The game lasted 02:08:24 (37112 turns).

Arkorax the Fighter (Demonspawn Monk)              Turns: 37112, Time: 02:08:24

Health: -4/134     AC:  9    Str: 15    XL:     16   Next: 77%
Magic:  0/28       EV: 20    Int: 13    God:    Makhleb [******]
Gold:   366        SH:  0    Dex: 20    Spells: 6 memorised, 10 levels left

rFire  + + .     SeeInvis +     T - +5 rod of inaccuracy (6/9)
rCold  . . .     Clarity  .     m - +2 robe of vines {NoDeviceHeal Regen+7}
rNeg   + + .     SustAt   .     (no shield)
rPois  +         Gourm    .     (helmet unavailable)
rElec  +         Spirit   +     U - +0 cloak "Wohuo" {rElec rN++}
rCorr  .         Dismiss  .     (no gloves)
rMut   .         Stasis   .     f - +2 pair of boots
MR     +....                    l - amulet of rage
Stlth  ++........               Q - ring of poison resistance
                                I - ring of Brilliance {+Inv rF++ Stlth+}

@: about to teleport, studying 2 skills, somewhat resistant to hostile
enchantments, unstealthy
A: antennae 3, claws 2, hooves 2, agile 1, demonic guardian 1, spit poison 1,
magic shield, magic regeneration, magic link
a: Spit Poison, Minor Destruction, Lesser Servant of Makhleb, Major Destruction,
Greater Servant of Makhleb, Renounce Religion, Evoke Berserk Rage, Evoke
Invisibility


You were on level 4 of the Swamp.
You worshipped Makhleb.
Makhleb was exalted by your worship.
You were not hungry.

You visited 5 branches of the dungeon, and saw 32 of its levels.
You also visited: Labyrinth and Bailey.

You collected 2740 gold pieces.
You spent 2374 gold pieces at shops.

Inventory:

Armour
 f - a +2 pair of boots (worn)
 m - the +2 robe of vines (worn) {NoDeviceHeal Regen+7}
   (You found it on level 8 of the Lair of Beasts)

   It increases your rate of regeneration.
 F - a +0 shield
 U - the +0 cloak "Wohuo" (worn) {rElec rN++}
   (You acquired it on level 2 of the Lair of Beasts)

   It insulates you from electricity.
   It greatly protects you from negative energy.
Rods
 O - a +4 rod of inaccuracy (14/14)
   (You took it off a minotaur in a labyrinth)
 T - a +5 rod of inaccuracy (6/9) (weapon)
   (You found it in a labyrinth)
Jewellery
 c - an uncursed ring of wizardry {unknown}
 l - an amulet of rage (around neck)
 I - the ring of Brilliance (left claw) {+Inv rF++ Stlth+}
   (You bought it in a shop on level 4 of the Orcish Mines)

   [ring of invisibility]

   It greatly protects you from fire.
   It lets you turn invisible.
   It makes you more stealthy.
 Q - a ring of poison resistance (right claw)
Wands
 r - a wand of invisibility (5)
 t - a wand of disintegration (0)
 J - a wand of slowing (11)
 P - a wand of teleportation (5)
 V - a wand of lightning (0)
 Y - a wand of confusion (24)
 Z - a wand of fireball (4)
Scrolls
 d - 4 scrolls of recharging
 g - a scroll of magic mapping
 h - 5 scrolls of fog
 i - 3 scrolls of fear
 j - 4 scrolls of amnesia
 n - 2 scrolls of teleportation
 o - 13 scrolls of remove curse
 W - a scroll of enchant armour
Potions
 p - 2 potions of magic
 q - 3 potions of brilliance
 u - 2 potions of curing
 v - 5 potions of haste
 x - a potion of resistance
 y - 2 potions of berserk rage
 z - a potion of experience {unknown}
 A - 2 potions of agility
 C - a potion of ambrosia
 G - 6 potions of heal wounds
 H - 2 potions of invisibility
 M - 2 potions of cure mutation
 N - 2 potions of might
 X - a potion of flight
Books
 a - a book of Enchantments

   Spells                             Type                      Level
   a - Cause Fear                     Hexes                        4
   b - Yara's Violent Unravelling     Hexes/Transmutation          5
   c - Silence                        Hexes/Air                    5
   d - Deflect Missiles               Charms/Air                   6
   e - Haste                          Charms                       6
   f - Discord                        Hexes                        8
 e - a manual of Fighting
 B - a book of Frost

   Spells                             Type                      Level
   a - Freeze                         Ice                          1
   b - Throw Frost                    Conjuration/Ice              2
   c - Ozocubu's Armour               Charms/Ice                   3
   d - Throw Icicle                   Conjuration/Ice              4
   e - Summon Ice Beast               Ice/Summoning                4
   f - Condensation Shield            Ice                          4
 K - a manual of Shields
 L - a book of the Earth

   Spells                             Type                      Level
   a - Leda's Liquefaction            Hexes/Earth                  4
   b - Bolt of Magma                  Conjuration/Fire/Earth       5
   c - Statue Form                    Transmutation/Earth          6
   d - Iron Shot                      Conjuration/Earth            6
   e - Shatter                        Earth                        9
 R - a book of Clouds

   Spells                             Type                      Level
   a - Mephitic Cloud                 Conjuration/Poison/Air       3
   b - Conjure Flame                  Conjuration/Fire             3
   c - Poisonous Cloud                Conjuration/Poison/Air       6
   d - Freezing Cloud                 Conjuration/Ice/Air          6
   e - Ring of Flames                 Charms/Fire                  7
 S - a book of Burglary

   Spells                             Type                      Level
   a - Swiftness                      Charms/Air                   2
   b - Passwall                       Transmutation/Earth          3
   c - Passage of Golubria            Translocation                4
   d - Lee's Rapid Deconstruction     Earth                        5
   e - Darkness                       Hexes                        6
   f - Invisibility                   Hexes                        6
Comestibles
 b - 2 bread rations
 k - 2 beef jerkies
 s - 3 meat rations
 D - 5 royal jellies
 E - 9 fruits


   Skills:
 - Level 14.8 Fighting
 - Level 10.5 Armour
 - Level 9.3 Dodging
 - Level 1.7 Stealth
 - Level 13.2 Unarmed Combat
 - Level 8.0 Spellcasting
   Level 8.3 Conjurations
 - Level 3.6 Charms
 + Level 8.3 Transmutations
 - Level 6.3 Ice Magic
 - Level 4.2 Air Magic
 + Level 5.5 Earth Magic
 - Level 3.0 Invocations


You had 10 spell levels left.
You knew the following spells:

 Your Spells              Type           Power        Failure   Level  Hunger
a - Silence               Hex/Air        ##........   98%         5    #####..
b - Repel Missiles        Chrm/Air       ###...       6%          2    None
c - Blink                 Tloc           N/A          21%         2    None
d - Ozocubu's Armour      Chrm/Ice       ###.....     6%          3    ##.....
e - Statue Form           Trmt/Erth      ###......    97%         6    #######
f - Regeneration          Chrm/Necr      ##........   21%         3    ##.....


Dungeon Overview and Level Annotations

Branches:
Dungeon (15/15)            Temple (0/1) D:7            Lair (8/8) D:10
  Swamp (4/4) Lair:5        Snake (1/4) Lair:3        Slime (0/6) Lair:7
    Orc (4/4) D:11            Elf (0/3) Orc:3        Vaults (0/5) D:14
 Depths (0/5) D:15

Altars:
Cheibriados
Fedhas
Kikubaaqudgha
Makhleb
Okawaru
Pakellas
Qazlal
Ru
Sif Muna
Xom
Yredelemnul
The Shining One
Beogh

Shops:
D:13 :   Orc:4 ***=!!=[

Annotations:
D:13 1 runed door
Swamp:3 exclusion: Roxanne, Roxanne
Swamp:4 Lernaean hydra


Innate Abilities, Weirdness & Mutations

You have a pair of large antennae on your head (SInv).
You have very sharp fingernails.
You have hoof-like feet.
A weak demonic guardian rushes to your aid.
When hurt, damage is shared between your health and your magic reserves.
You regenerate magic rapidly.
When low on magic, you restore magic in place of health.
You are agile. (Dex +2)
You can spit weak poison.


Message History

The 27-headed Lernaean hydra bites you! x4
The 27-headed Lernaean hydra bites you.
The 27-headed Lernaean hydra misses you.
The 27-headed Lernaean hydra bites you.
* * * LOW HITPOINT WARNING * * *
The 27-headed Lernaean hydra misses you.
The 27-headed Lernaean hydra barely misses you.
The 27-headed Lernaean hydra bites you!
* * * LOW HITPOINT WARNING * * *
The 27-headed Lernaean hydra bites you!
* * * LOW HITPOINT WARNING * * *
The 27-headed Lernaean hydra closely misses you.
The 27-headed Lernaean hydra bites you!
* * * LOW HITPOINT WARNING * * *
The 27-headed Lernaean hydra misses you.
The 27-headed Lernaean hydra barely misses you.
The 27-headed Lernaean hydra bites you!
* * * LOW HITPOINT WARNING * * *
The 27-headed Lernaean hydra bites you!
You die...

≈≈**≈,≈,≈,≈≈≈.≈≈#.≈≈#* ♣♣≈≈.♣♣#≈≈
,****≈≈,≈≈≈≈≈≈≈.≈#≈≈≈* ♣≈≈#.♣*♣.≈
** *≈,≈,≈.#≈≈#≈≈#≈≈≈≈*#♣♣≈≈.≈*♣♣♣
* **≈*≈≈≈≈≈≈#.≈≈≈≈≈#***≈.♣*≈≈♣♣ ♣
***,≈*,,≈≈≈≈≈#≈≈.≈≈## **≈.♣♣♣≈♣♣
**≈≈≈≈≈≈≈≈≈≈≈≈§.i≈#5######.♣♣≈.♣♣
**≈≈≈,≈,≈≈#≈.≈≈.≈≈≈≈≈.##..≈≈♣.≈..
≈**≈≈,*≈,....≈..D§5≈}.†≈..≈≈≈≈...
*≈***≈,≈{*≈≈.≈≈#@≈#.≈≈#≈..≈...≈≈≈
≈** ***≈≈≈≈#≈..≈≈≈≈#.####)♣♣≈..≈≈
** ****#≈####≈≈#####≈.♣♣♣..≈≈.
*** #### ♣≈.♣♣♣*♣≈≈..≈ ♣♣♣♣ ♣♣♣♣♣
♣♣***≈♣...≈≈. ♣..♣ ♣♣.≈≈♣♣♣♣♣
**♣♣.#.≈. ♣≈♣♣ ♣♣.≈≈≈.♣♣≈♣♣
*.....≈ ♣♣.≈♣♣♣.#≈≈≈.♣≈.≈♣
♣♣♣♣#%...≈≈
♣≈≈..♣♣.≈≈≈≈≈♣...♣♣♣♣≈≈≈♣≈≈..≈≈


You could see the 27-headed Lernaean hydra, a spriggan druid, a friendly quasit
and a friendly white imp.

Vanquished Creatures
  Rupert (Orc:1)
  Frances (Swamp:3)
  Maud (Lair:3)
  A very ugly thing (Swamp:1)
  Nessos (Orc:3)
  5 dire elephants (Lair:8)
  2 ettins
  Josephine (Lair:6)
  A minotaur (Lab)
  A fire dragon (D:14)
  19 hydras
  A great orb of eyes (D:15)
  An anaconda (Lair:8)
  A great orb of eyes (shapeshifter) (D:15)
  A naga warrior (Snake:1)
  A ghost crab (Swamp:3)
  4 alligators
  3 centaur warriors
  A tengu warrior (D:15)
  3 orc high priests (Orc:4)
  Urug (Lair:1)
  Nergalle (Lair:1)
  A shock serpent (Snake:1)
  12 swamp dragons
  2 spriggan druids
  2 unseen horrors (D:10)
  6 hill giants
  4 orc knights
  2 necromancers
  A wizard (D:14)
  A shambling mangrove (Swamp:3)
  2 deep elf conjurers (D:12)
  A wolf spider (D:15)
  3 orc sorcerers (Orc:4)
  7 oklob plants
  3 hornets (Swamp:3)
  2 ugly things
  4 cyclopes
  A griffon (D:14)
  23 elephants
  13 black mambas
  An ice statue (Lair:8)
  23 spiny frogs
  16 komodo dragons
  A tengu conjurer (D:15)
  A swamp worm zombie (Swamp:4)
  An efreet (D:15)
  2 fire drakes (Lair:6)
  A freezing wraith (Lair:8)
  6 polar bears (Lair:8)
  A merfolk (D:15)
  2 hydra zombies (Swamp:4)
  Prince Ribbit (D:6)
  7 giant leeches
  7 trolls
  2 two-headed ogres
  11 slime creatures
  5 bog bodies
  27 blink frogs
  A trapdoor spider (Lab)
  5 spriggans (Swamp:4)
  29 yaks
  7 wraiths
  2 shadows
  6 wyverns
  5 vampire mosquitoes
  4 basilisks
  3 deep elf magi
  6 hippogriffs
  Grum (Lair:1)
  2 steam dragons
  A giant leech zombie (Swamp:4)
  24 wolves
  6 hogs
  Menkaure (D:6)
  12 hungry ghosts
  A mottled dragon (D:13)
  19 swamp worms
  A warg (Orc:3)
  11 water moccasins
  12 porcupines
  A soldier ant (D:14)
  5 nagas (Lair:3)
  8 ice beasts
  3 wasps (Swamp:4)
  3 black bears
  10 swamp drakes
  2 swamp dragon zombies (Swamp:4)
  A sky beast (D:15)
  7 ogres
  2 phantoms
  32 orc warriors
  11 centaurs
  14 crocodiles
  5 big kobolds
  21 giant frogs
  5 scorpions
  25 killer bees
  4 spriggan skeletons (D:12)
  3 electric eels (Lair:1)
  A troll skeleton (D:12)
  11 wights
  9 crimson imps
  5 centaur skeletons
  4 centaur zombies
  4 jellies
  26 orc priests
  A wasp zombie (D:10)
  A giant frog zombie (D:5)
  9 hounds
  26 orc wizards
  4 giant frog skeletons
  8 hell rats (Lair:7)
  9 iguanas
  15 worker ants
  26 sheep
  A hound zombie (D:5)
  2 hound skeletons
  2 worker ant zombies
  71 river rats
  8 gnolls
  3 shadow imps
  16 adders
  A white imp (Lair:8)
  An ooze (D:2)
  2 adder skeletons (D:4)
  3 worms
  12 giant geckos
  159 orcs
  4 ball pythons
  8 giant cockroaches
  9 goblins
  9 hobgoblins
  18 jackals
  31 kobolds
  12 bats
  A giant gecko skeleton (D:4)
  2 giant newts
  5 quokkas
  A quokka skeleton (D:7)
  25 rats
  5 plants
1148 creatures vanquished.

Vanquished Creatures (collateral kills)
  Kirke (Lair:7)
  2 hydras
  An ugly thing (D:12)
  A black mamba (Lair:6)
  A spiny frog (Lair:7)
  A slime creature (D:12)
  4 blink frogs
  2 yaks
  A vampire mosquito (Swamp:2)
  A swamp worm (Swamp:2)
  A hippogriff (D:9)
  The ghost of twist the Cutter, an amateur HaAr (D:4)
  A water moccasin (Lair:7)
  4 ogres
  A centaur (D:6)
  Blork the orc (D:4)
  A wight (D:7)
  2 centaur zombies
  3 orc wizards
  An iguana (D:6)
  3 gnolls (D:5)
  A shadow imp (D:13)
  11 orcs
46 creatures vanquished.

Vanquished Creatures (others)
  A killer bee (D:12)
  2 orcs
  33 fungi
  17 plants
53 creatures vanquished.

Grand Total: 1247 creatures vanquished

Notes
Turn   | Place    | Note
--------------------------------------------------------------
     0 | D:1      | Arkorax the Demonspawn Monk began the quest for the Orb.
     0 | D:1      | Reached XP level 1. HP: 18/18 MP: 1/1
   114 | D:1      | Gained mutation: You have large cloven feet. [demonic ancestry]
   114 | D:1      | Reached XP level 2. HP: 24/24 MP: 2/2
   456 | D:1      | Reached skill level 4 in Unarmed Combat
   636 | D:1      | Reached XP level 3. HP: 27/30 MP: 3/3
  2018 | D:2      | Gained mutation: When hurt, damage is shared between your health and your magic reserves. [demonic ancestry]
  2018 | D:2      | Reached XP level 4. HP: 35/37 MP: 4/4
  2682 | D:2      | Gained mutation: You have a pair of small antennae on your head. [demonic ancestry]
  2682 | D:2      | Reached XP level 5. HP: 36/43 MP: 5/5
  3320 | D:2      | Reached skill level 5 in Unarmed Combat
  3515 | D:3      | Reached skill level 5 in Fighting
  3795 | D:3      | Found a snail-covered altar of Cheibriados.
  3886 | D:3      | Found an oddly glowing altar of Pakellas.
  4041 | D:4      | Noticed twist's ghost (amateur HaAr)
  4295 | D:3      | Gained mutation: A weak demonic guardian rushes to your aid. [demonic ancestry]
  4295 | D:3      | Reached XP level 6. HP: 46/51 MP: 4/6
  4368 | D:4      | Found a deep blue altar of Sif Muna.
  4465 | D:4      | Killed twist's ghost
  4666 | D:4      | Noticed Blork the orc
  4834 | D:4      | Killed Blork the orc
  4834 | D:4      | Reached skill level 6 in Fighting
  4834 | D:4      | Reached XP level 7. HP: 58/58 MP: 7/7
  5771 | D:5      | Entered Level 5 of the Dungeon
  5934 | D:5      | Reached skill level 7 in Fighting
  6110 | D:5      | Gained mutation: You have sharp fingernails. [demonic ancestry]
  6110 | D:5      | Reached XP level 8. HP: 52/67 MP: 6/8
  6993 | D:6      | Reached skill level 1 in Armour
  7212 | D:6      | Found a burning altar of Makhleb.
  7217 | D:6      | Became a worshipper of Makhleb the Destroyer
  7217 | D:6      | Reached * piety under Makhleb
  7217 | D:6      | Reached ** piety under Makhleb
  7221 | D:6      | Noticed Menkaure
  7558 | D:6      | Got a faintly glowing scale mail
  7569 | D:6      | Identified the +1 scale mail "Oreqilurgh" {+Blink MR+ Str-2 Dex+4} (You found it on level 6 of the Dungeon)
  7595 | D:6      | Noticed Prince Ribbit
  7602 | D:6      | Killed Prince Ribbit
  7602 | D:6      | Reached skill level 8 in Fighting
  7944 | D:6      | Found an ancient bone altar of Kikubaaqudgha.
  8067 | D:6      | Found an iron altar of Okawaru.
  8223 | D:6      | Gained mutation: You have very sharp fingernails. [demonic ancestry]
  8223 | D:6      | Reached XP level 9. HP: 71/75 MP: 9/9
  8375 | D:6      | Killed Menkaure
  8705 | D:7      | Reached *** piety under Makhleb
  8757 | D:7      | Reached skill level 9 in Fighting
  9109 | D:7      | Found a staircase to the Ecumenical Temple.
  9290 | D:8      | Reached **** piety under Makhleb
  9427 | D:8      | Got a faintly glowing scale mail
  9438 | D:8      | Identified the +6 scale mail of Nara {*Confuse rC+ Int+3 Dex+4} (You found it on level 8 of the Dungeon)
  9620 | D:8      | Reached skill level 5 in Armour
  9981 | D:8      | Found a glowing golden altar of the Shining One.
  9988 | D:8      | Found a basalt altar of Yredelemnul.
  9989 | D:8      | Found a blossoming altar of Fedhas.
  9989 | D:8      | Found a sacrificial altar of Ru.
  9992 | D:8      | Found a stormy altar of Qazlal.
  9994 | D:8      | Found a shimmering altar of Xom.
 10242 | D:9      | Gained mutation: You regenerate magic rapidly. [demonic ancestry]
 10242 | D:9      | Reached XP level 10. HP: 56/85 MP: 7/10
 10253 | D:9      | Got an ichor-stained ring mail
 10264 | D:9      | Identified the cursed +1 ring mail "Coxkuisu" {Dex+4} (You found it on level 9 of the Dungeon)
 10472 | D:9      | Reached skill level 10 in Fighting
 10694 | D:9      | Reached ***** piety under Makhleb
 11071 | D:10     | Entered Level 10 of the Dungeon
 11562 | D:9      | Reached skill level 10 in Unarmed Combat
 12100 | D:9      | Reached skill level 11 in Fighting
 12565 | D:10     | Killed an unseen horror
 12588 | D:10     | Found a staircase to the Lair.
 12672 | D:10     | Gained mutation: When low on magic, you restore magic in place of health. [demonic ancestry]
 12672 | D:10     | Reached XP level 11. HP: 94/94 MP: 9/11
 12689 | D:10     | Killed an unseen horror
 13103 | Lair:1   | Entered Level 1 of the Lair of Beasts
 13132 | Lair:1   | Found a labyrinth entrance.
 13136 | Lab      | Entered a labyrinth
 13175 | Lab      | Reached skill level 1 in Spellcasting
 14105 | Lab      | Noticed a minotaur
 14113 | Lab      | Killed a minotaur
 14586 | Lair:1   | Noticed Grum
 14621 | Lair:1   | Killed Grum
 14953 | Lair:1   | Reached skill level 12 in Unarmed Combat
 15009 | Lair:1   | Noticed Nergalle
 15059 | D:10     | Noticed a hill giant
 15303 | D:10     | Reached skill level 5 in Spellcasting
 15348 | Lair:1   | Killed Nergalle
 15922 | Lair:1   | Noticed Urug
 15940 | Lair:1   | Killed Urug
 16225 | Lair:2   | Gained mutation: You have a pair of antennae on your head. [demonic ancestry]
 16225 | Lair:2   | Reached XP level 12. HP: 94/102 MP: 16/21
 16291 | Lair:2   | Identified a scroll of acquirement
 16294 | Lair:2   | Got an ancient cloak
 16305 | Lair:2   | Identified the +0 cloak "Wohuo" {rElec rN++} (You acquired it on level 2 of the Lair of Beasts)
 16412 | Lair:2   | Identified a +5 rod of inaccuracy (9/9) (You found it in a labyrinth)
 16465 | Lair:2   | Reached ****** piety under Makhleb
 16585 | Lair:2   | Noticed a six-headed hydra
 16595 | Lair:2   | Killed a six-headed hydra
 16825 | Lair:2   | Reached skill level 13 in Unarmed Combat
 17517 | Lair:3   | Learned a level 6 spell: Freezing Cloud
 17570 | Lair:3   | Noticed a four-headed hydra
 17589 | Lair:3   | Killed a four-headed hydra
 17589 | Lair:3   | Reached skill level 1 in Ice Magic
 17589 | Lair:3   | Reached skill level 1 in Air Magic
 17666 | Lair:3   | Noticed a seven-headed hydra
 17673 | Lair:3   | Killed a seven-headed hydra
 18450 | Lair:3   | Noticed Maud
 18698 | Lair:3   | Gained mutation: You can spit weak poison. [potion of beneficial mutation]
 18763 | Lair:3   | Killed Maud
 18891 | Lair:3   | Found a staircase to the Snake Pit.
 19100 | Lair:3   | Reached XP level 13. HP: 88/107 MP: 20/25
 19334 | Lair:3   | Reached skill level 1 in Conjurations
 19358 | Lair:3   | Identified a +4 rod of inaccuracy (14/14) (You took it off a minotaur in a labyrinth)
 20665 | Lair:5   | Found a deep blue altar of Sif Muna.
 22175 | Lair:7   | Noticed Kirke
 22273 | Lair:7   | Noticed Josephine
 22288 | Lair:6   | Killed Josephine
 22471 | Lair:7   | Gained mutation: You have hoof-like feet. [demonic ancestry]
 22471 | Lair:7   | Reached XP level 14. HP: 118/118 MP: 26/26
 22659 | Lair:7   | Killed Kirke
 23099 | Lair:7   | Found a staircase to the Slime Pits.
 23158 | Lair:7   | Reached skill level 5 in Dodging
 23642 | Lair:7   | Got a wavering silver ring
 23644 | Lair:7   | Identified the ring of Qubuenikh {rC+ SInv} (You found it on level 7 of the Lair of Beasts)
 23912 | Lair:8   | Entered Level 8 of the Lair of Beasts
 24305 | Lair:8   | Learned a level 2 spell: Repel Missiles
 24308 | Lair:8   | Learned a level 2 spell: Blink
 24768 | Lair:8   | Identified the Tome of Vitriolic Combat Magic (You found it on level 8 of the Lair of Beasts)
 24773 | Lair:8   | Identified the Compendium of the Thirteen Realms (You found it on level 8 of the Lair of Beasts)
 25696 | Lair:8   | Reached skill level 10 in Armour
 26084 | D:11     | Got a distressingly furry scale mail
 26095 | D:11     | Identified the +2 scale mail of the Jabberwock {+Fly Dex+3} (You acquired it on level 11 of the Dungeon)
 26514 | D:11     | Found a staircase to the Orcish Mines.
 27344 | D:12     | Gained mutation: You have a pair of large antennae on your head (SInv). [demonic ancestry]
 27344 | D:12     | Reached XP level 15. HP: 124/124 MP: 24/27
 27520 | D:12     | Learned a level 5 spell: Irradiate
 27594 | D:12     | Reached skill level 5 in Conjurations
 27806 | D:12     | Reached skill level 1 in Transmutations
 28464 | D:13     | Found a runed door.
 28515 | D:13     | Found Tavaxug's Book Boutique.
 28521 | D:13     | Bought a book of the Earth for 1105 gold pieces
 28530 | D:13     | Learned a level 6 spell: Statue Form
 28683 | D:13     | You fall through a shaft for 2 floors!
 28683 | D:15     | Entered Level 15 of the Dungeon
 28746 | D:15     | Found a staircase to the Depths.
 29181 | D:14     | Found a gate to the Vaults.
 29633 | D:13     | Learned a level 3 spell: Regeneration
 29914 | D:15     | Reached skill level 5 in Transmutations
 30487 | D:15     | Found a glowing golden altar of the Shining One.
 30791 | Orc:1    | Entered Level 1 of the Orcish Mines
 30865 | Orc:1    | Found a flagged portal.
 30896 | Bailey   | Entered a bailey
 31268 | Bailey   | Learned a level 5 spell: Silence
 31710 | Orc:2    | Found a deep blue altar of Sif Muna.
 31729 | Orc:2    | Identified Sif Muna's Papyrus of Attacks (You found it on level 2 of the Orcish Mines)
 31769 | Orc:3    | Noticed Rupert
 31836 | Orc:1    | Killed Rupert
 31863 | Orc:3    | Found a staircase to the Elven Halls.
 31906 | Orc:4    | Entered Level 4 of the Orcish Mines
 31939 | Orc:4    | Found Oliyrch's Distillery.
 32070 | Orc:4    | Found a roughly hewn altar of Beogh.
 32077 | Orc:4    | Reached skill level 14 in Fighting
 32142 | Orc:4    | Bought a potion of beneficial mutation for 525 gold pieces
 32142 | Orc:4    | Gained mutation: You are agile. (Dex +2) [potion of beneficial mutation]
 32238 | Orc:3    | Found a roughly hewn altar of Beogh.
 32249 | Orc:3    | Reached skill level 1 in Invocations
 32346 | Orc:3    | Found a roughly hewn altar of Beogh.
 32517 | Orc:3    | Noticed Nessos
 32533 | Orc:3    | Killed Nessos
 32798 | Orc:4    | Found Kuiwk's Armour Boutique.
 32829 | Orc:4    | Found Lonocs's Jewellery Boutique.
 32964 | Orc:4    | Found Umniumic's General Store.
 33378 | Orc:4    | Found Fadaqus's Distillery.
 33378 | Orc:4    | Found Eduicug's Jewellery Shoppe.
 33380 | Orc:4    | Found Giupyoca's Assorted Antiques.
 33380 | Orc:4    | Found Gith's General Store.
 33397 | Orc:4    | Bought the ring of Brilliance {+Inv rF++ Stlth+} for 744 gold pieces
 33646 | Snake:1  | Entered Level 1 of the Snake Pit
 33664 | Snake:1  | Reached skill level 1 in Earth Magic
 33664 | Snake:1  | Reached XP level 16. HP: 116/134 MP: 20/28
 33897 | Lair:5   | Found a staircase to the Swamp.
 33922 | Swamp:1  | Entered Level 1 of the Swamp
 34264 | Swamp:1  | Learned a level 3 spell: Ozocubu's Armour
 34681 | Swamp:2  | Reached skill level 1 in Charms
 34733 | Swamp:2  | Reached skill level 5 in Ice Magic
 34787 | Lair:5   | Upgraded the game from 0.18-a0-641-g4caf58e to 0.18-a0-670-g393520a
 34810 | Swamp:2  | Noticed Frances
 35872 | Swamp:3  | Killed Frances
 36020 | Swamp:3  | Noticed Roxanne
 36111 | Swamp:4  | Entered Level 4 of the Swamp
 36863 | Swamp:4  | Reached skill level 5 in Earth Magic
 37062 | Swamp:4  | HP: 5/134 [eight-headed hydra[a spriggan druid] (3)]
 37109 | Swamp:4  | Noticed the 27-headed Lernaean hydra
 37112 | Swamp:4  | HP: 3/134 [the 27-headed Lernaean hydra (7)]
 37112 | Swamp:4  | Slain by the 27-headed Lernaean hydra

Vault maps used:
D:1:      nicolae_arrival_washed_ashore
D:2:      grunt_ministairs_10
D:3:      lemuel_round_altar, grunt_pakellas_salt, first_bread
D:4:      lemuel_crystal_altar, gup_sewer_entry_bowl, uniq_blork_the_orc
D:6:      overflow_temple_1_default, kennysheep_little_box,
          kennysheep_okawaru_gauntlet, nrook_mini_backslash,
          uniq_prince_ribbit1, uniq_menkaure
D:7:      lemuel_temple_firewalk
D:8:      minitemple
D:10:     minmay_lair_entry_grove
D:11:     erik_orc_1
D:12:     hangedman_tell_no_tales, billiards_dpeg
D:13:     serial_shops, shop, minivault_13
D:14:     david_vaults_4, serial_park_avenue1
D:15:     hangedman_depths_entry_try_elsewhere_first, tso_altar
Lair:1:   lab_entry_generic, disabler_island, grunt_megastairs_3, uniq_grum,
          uniq_nergalle, uniq_urug
Lair:2:   beast_lair_carwin_5
Lair:3:   minmay_snake_entry_guardpost_medium, uniq_maud
Lair:4:   dpeg_oklob_shooting_range
Lair:5:   minmay_swamp_entry_worms, lemuel_oklob_altar, serial_bayou_shore_a,
          lemuel_fruit_tree
Lair:6:   beast_lair_carwin_1
Lair:7:   lemuel_ratsnest, minmay_slime_entry_oklob_open, serial_bayou_pond_a,
          uniq_kirke, uniq_josephine
Lair:8:   due_jungle_book, ice2_lemuel
Swamp:1:  serial_swamp_ruin, evilmike_swamp_ruin_house_5,
          evilmike_swamp_ruin_wall, evilmike_swamp_ruin_house_3, swamp_pool4
Swamp:2:  evilmike_swamp_ruin_rubble_1, uniq_frances
Swamp:3:  evilmike_swamp_ruin_house_6, uniq_roxanne
Swamp:4:  swamp_old_school, nicolae_swamp_necromancer_hut
Snake:1:  serial_shops, shop, shop, nicolae_shop_temple_entry_statues_fountains,
          nicolae_shop_overgrown_old_shop, nicolae_shop_waterfront,
          grunt_ministairs_9, uniq_azrael
Orc:1:    enter_bailey_2
Orc:2:    serial_shops, shop, led_sif_book
Orc:3:    basic_altar, nicolae_orc_pool_cavern, mines2_david, uniq_nessos,
          uniq_rupert
Orc:4:    grunt_orc_tribal_feast, serial_shops, shop, shop, nicolae_shop_stone,
          shop, basic_altar
Lab:      nicolae_lab_starburst, nicolae_lab_grate_2, nicolae_lab_checkerboard,
          labyrinth_skeletal_remains, nicolae_lab_statue, nicolae_lab_dead_end
Bailey:   bailey_polearm_flooded_kennysheep, bailey

Action                   |  1- 3 |  4- 6 |  7- 9 | 10-12 | 13-15 | 16-18 || total
-------------------------+-------+-------+-------+-------+-------+-------++-------
Melee: Unarmed           |   165 |   320 |   573 |   726 |  2090 |   704 ||  4578
 Cast: Repel Missiles    |       |       |       |       |     4 |       ||     4
       Regeneration      |       |       |       |       |     1 |       ||     1
       Irradiate         |       |       |       |       |     1 |       ||     1
       Ozocubu's Armour  |       |       |       |       |       |    25 ||    25
Invok: Lesser Servant of |       |       |       |     2 |       |       ||     2
       Greater Servant o |       |       |       |       |     3 |       ||     3
 Abil: Evoke Berserk Rag |       |     2 |       |     1 |     1 |     1 ||     5
       Spit Poison       |       |       |       |     1 |       |       ||     1
Evoke: Wand              |       |       |     8 |     6 |    11 |       ||    25
       Rod               |       |       |       |    11 |    62 |     1 ||    74
  Use: Scroll            |       |       |     1 |    25 |    19 |     7 ||    52
       Potion            |       |       |     1 |     4 |     4 |     2 ||    11
 Stab: Sleeping          |     9 |       |       |     4 |     5 |       ||    18
       Distracted        |       |       |       |     6 |     8 |     2 ||    16
       Confused          |       |       |       |       |       |     1 ||     1
  Eat: Chunk             |     3 |     3 |     7 |    15 |    14 |     1 ||    43
       Meat ration       |       |     1 |     1 |       |     4 |       ||     6
       Bread ration      |       |     1 |     1 |     3 |     4 |     3 ||    12
       Fruit             |       |       |     3 |    14 |     4 |       ||    21
       Beef jerky        |       |       |       |     1 |     3 |       ||     4
       Pizza             |       |       |       |     2 |     3 |       ||     5
